 Dungeon Crawl Stone Soup version 0.28-a0-687-gb91baff9cc (webtiles) character file.

Game seed: 9848072257024638881

4879 shoop the Fighter (level 10, -2/99 HPs)
             Began as an Ogre Hunter on Oct 19, 2021.
             Was a Believer of Hepliaklqana.
             Slain by a troll (10 damage)
             ... on level 12 of the Dungeon on Oct 20, 2021.
             The game lasted 00:26:03 (13277 turns).

shoop the Fighter (Ogre Hunter)                    Turns: 13277, Time: 00:26:04

Health: -2/99      AC:  8    Str: 20    XL:     10   Next: 50%
Magic:  10/10      EV:  9    Int: 12    God:    Hepliaklqana [**....]
Gold:   351        SH:  0    Dex: 10    Spells: 9/9 levels left

rFire   . . .      SeeInvis .   a - +1 whip (elec)
rCold   . . .      Faith    .   (no shield)
rNeg    . . .      Spirit   .   j - +0 acid dragon scales
rPois   .          Reflect  .   (helmet restricted)
rElec   .          Harm     .   k - +0 cloak
rCorr   +          Rampage  .   (gloves unavailable)
Will    ++...                   (boots unavailable)
Stlth   ++........              I - amulet of the acrobat
HPRegen 0.26/turn               G - ring of willpower
MPRegen 0.12/turn               (no ring)

@: no status effects
A: reduced essence, large, unfitting armour, tough skin 1
a: Renounce Religion, Recall Ancestor, Ancestor Identity


You were on level 12 of the Dungeon.
You worshipped Hepliaklqana.
Hepliaklqana was pleased with you.
You visited 2 branches of the dungeon, and saw 12 of its levels.

You collected 351 gold pieces.

Inventory:

Hand Weapons
 a - a +1 whip of electrocution (weapon)
 b - a +1 mace of holy wrath
 m - a +0 short sword
 p - a +0 whip of electrocution
 H - a +1 spear of venom
Missiles
 c - 5 large rocks
 d - 4 throwing nets
 e - 159 stones (quivered)
 l - 11 atropa-tipped darts
Armour
 j - +0 acid dragon scales (worn)
 k - a +0 cloak (worn)
 v - a +0 robe
 C - a +0 robe of positive energy
Jewellery
 G - a ring of willpower (left hand)
 I - an amulet of the acrobat (around neck)
Wands
 B - a wand of acid (11)
 J - a wand of iceblast (6)
Scrolls
 h - 2 scrolls of amnesia {unknown}
 o - 3 scrolls of enchant armour {unknown}
 q - 3 scrolls of vulnerability {unknown}
 r - 4 scrolls of immolation {unknown}
 t - 2 scrolls of fear {unknown}
 u - 7 scrolls of identify {unknown}
 w - 2 scrolls of enchant weapon {unknown}
 y - a scroll of holy word {unknown}
 A - a scroll of blinking {unknown}
 D - a scroll of acquirement {unknown}
 L - a scroll of summoning {unknown}
 M - a scroll of magic mapping {unknown}
Potions
 f - 3 potions of curing
 g - 3 potions of might
 i - 2 potions of degeneration {unknown}
 n - 2 potions of mutation {unknown}
 s - a potion of flight {unknown}
 x - a potion of attraction {unknown}
 z - a potion of cancellation {unknown}
 E - 3 potions of lignification {unknown}
 F - 2 potions of ambrosia {unknown}
 K - 2 potions of berserk rage {unknown}


   Skills:
 + Level 10.3 Fighting
 - Level 9.0 Maces & Flails
 - Level 7.0 Throwing
 - Level 3.0 Armour
 - Level 2.0 Dodging
 - Level 3.0 Stealth
 - Level 3.0 Evocations


You had 9 spell levels left.
You didn't know any spells.
Your spell library contained the following spells:

 Spells                   Type           Power      Damage    Failure   Level
 Animate Skeleton         Necr           0%         N/A       38%         1
 Foxfire                  Conj/Fire      0%         2x1d4     38%         1
 Magic Dart               Conj           0%         1d3       38%         1
 Pain                     Necr           0%         1d4       38%         1
 Searing Ray              Conj           0%         2d4       54%         2
 Sublimation of Blood     Necr           0%         N/A       54%         2
 Wereblood                Tmut           0%         N/A       54%         2
 Conjure Flame            Conj/Fire      0%         6-21      77%         3
 Inner Flame              Hex/Fire       0%         N/A       77%         3
 Ozocubu's Armour         Ice            0%         N/A       77%         3
 Vampiric Draining        Necr           0%         2d6       77%         3
 Flame Wave               Conj/Fire      0%         3d3       99%         4
 Fulminant Prism          Conj/Hex       0%         3d6       99%         4
 Ozocubu's Refrigeration  Ice            0%         4d5       100%        7
 Summon Hydra             Summ           0%         N/A       100%        7


Dungeon Overview and Level Annotations

Branches:
Dungeon (10/15)            Temple (1/1) D:6            Lair (0/6) D:9
    Orc: D:9-12

Altars:
Ashenzari
Cheibriados
Elyvilon
Fedhas
Gozag
Hepliaklqana
Kikubaaqudgha
Makhleb
Qazlal
Ru
Sif Muna
Trog
Vehumet
Wu Jian
Xom
The Shining One

Portals:
Gauntlet: D:12

Annotations:
D:5 Prince Ribbit
D:6 exclusions: centaur, iguana and ogre, Edmund
D:7 2 transporters, jasper's ghost, novice DsNe
D:10 exclusion: killer bee


Innate Abilities, Weirdness & Mutations

Your life essence is reduced to manifest your ancestor. (-10% HP)
You are too large for most types of armour.
You have tough skin. (AC +1)


Message History

The troll bites you. The troll closely misses you. The troll misses you.
You barely miss the troll.
The troll is heavily wounded.
You closely miss the troll.
The troll is heavily wounded.
The troll bites you but does no damage. The troll claws you but does no damage.
The troll claws you!
You hit the troll but do no damage.
The troll is heavily wounded.
The troll barely misses you. The troll claws you! The troll barely misses you.
You closely miss the troll.
The troll is heavily wounded.
The troll bites you! The troll claws you! x2
You hit the troll.
The troll is heavily wounded.
You barely miss the troll.
The troll is heavily wounded.
The troll bites you but does no damage. The troll barely misses you.
The troll claws you.
Aiming: Corrosive Bolt
Press: ? - help, Shift-Dir - straight line, f/p - troll
Aim: a troll (heavily wounded, 74% to hit)
The bolt of acid hits the troll!
The acid corrodes the troll!
The troll is severely wounded.
The troll bites you but does no damage. The troll claws you!
* * * LOW HITPOINT WARNING * * *
The troll claws you but does no damage.
You closely miss the troll.
The troll is severely wounded.
The troll closely misses you. The troll claws you.
* * * LOW HITPOINT WARNING * * *
The troll misses you.
You hit the troll.
The troll is severely wounded.
You closely miss the troll.
The troll is severely wounded.
The troll bites you!
* * * LOW HITPOINT WARNING * * *
The troll claws you!
You die...

##########
#........#
#........#
#./......# +
###........#(#
..........!..#
#....(...#
#....@T..#
#........#
#........#
#.∩......#
###.###### #.
#. ##


You could see a troll (corroded).

Vanquished Creatures
  Harold (D:9)
  Pikel (D:6)
  Sigmund (D:6)
  5 yaks (D:9)
  A steam dragon (D:10)
  An acid dragon (D:9)
  A water moccasin (D:5)
  A sky beast (D:6)
  2 necrophages
  An ogre (D:2)
  2 black bears
  A phantom (D:6)
  A lemure (D:6)
  Blork the orc (D:6)
  3 bullfrogs
  2 gnoll sergeants
  A killer bee (D:10)
  2 wights (D:8)
  4 howler monkeys
  2 jellies (D:5)
  2 orc priests
  4 hounds
  A bullfrog skeleton (D:7)
  A gnoll shaman (D:6)
  2 centaur skeletons
  A scorpion zombie (D:5)
  An iguana (D:4)
  3 orc wizards
  6 gnolls
  A howler monkey skeleton (D:5)
  2 adders
  A shadow imp (D:5)
  2 white imps
  2 worms
  5 dart slugs
  8 orcs
  4 bats
  6 endoplasms
  10 goblins
  5 hobgoblins
  2 jackals (D:1)
  8 quokkas
  7 ball pythons
  4 frilled lizards (D:3)
  5 kobolds
  2 rats (D:3)
129 creatures vanquished.

Vanquished Creatures (collateral kills)
  A hornet (D:10)
  A yak (D:9)
  An orc warrior (D:7)
  A necrophage (D:7)
  2 wights
  A howler monkey (D:8)
  5 gnolls
12 creatures vanquished.

Vanquished Creatures (others)
  A battlemage (D:9)
  An ancestor (D:8)
  A gnoll (D:6)
3 creatures vanquished.

Grand Total: 144 creatures vanquished

Notes
Turn   | Place    | Note
-------+----------+-------------------------------------------
     0 | D:1      | shoop the Ogre Hunter began the quest for the Orb.
     0 | D:1      | Reached XP level 1. HP: 22/22 MP: 1/1
   289 | D:1      | Reached skill level 3 in Fighting
   289 | D:1      | Reached skill level 1 in Stealth
   289 | D:1      | Reached XP level 2. HP: 30/31 MP: 2/2
   792 | D:1      | Reached XP level 3. HP: 27/37 MP: 3/3
  1318 | D:2      | Noticed an ogre
  1320 | D:2      | Killed an ogre
  1321 | D:2      | Reached XP level 4. HP: 45/45 MP: 4/4
  1321 | D:2      | Reached XP level 5. HP: 53/53 MP: 5/5
  2481 | D:3      | Reached XP level 6. HP: 61/61 MP: 6/6
  3605 | D:4      | Reached skill level 5 in Maces & Flails
  3766 | D:4      | Found an opulent altar of Gozag.
  4293 | D:5      | Entered Level 5 of the Dungeon
  4296 | D:5      | Noticed a necrophage
  4305 | D:4      | Killed a necrophage
  4306 | D:4      | Reached XP level 7. HP: 65/68 MP: 7/7
  4543 | D:5      | Reached skill level 4 in Fighting
  5206 | D:5      | Reached skill level 5 in Fighting
  5864 | D:6      | Found a staircase to the Ecumenical Temple.
  5878 | D:5      | Reached XP level 8. HP: 68/80 MP: 8/8
  5982 | Temple   | Entered the Ecumenical Temple
  6065 | Temple   | Became a worshipper of Hepliaklqana the Forgotten
  6151 | D:6      | Noticed Prince Ribbit
  6442 | D:6      | Noticed Blork the orc
  6502 | D:6      | Noticed Sigmund
  6515 | D:6      | Killed Sigmund
  6592 | Temple   | HP: 3/83 [gnoll (9)]
  7037 | D:6      | Killed Blork the orc
  7038 | D:6      | Reached skill level 6 in Fighting
  7312 | D:6      | Reached skill level 1 in Evocations
  7431 | D:6      | Noticed Edmund
  8184 | D:6      | Noticed Pikel
  8197 | D:6      | Killed Pikel
  8198 | D:6      | Reached skill level 7 in Fighting
  8198 | D:6      | Reached XP level 9. HP: 28/93 MP: 9/9
  9945 | D:7      | Reached * piety under Hepliaklqana
 10431 | D:7      | Found a transporter.
 10431 | D:7      | Noticed a manticore
 10432 | D:7      | Noticed a two-headed ogre
 10434 | D:7      | Noticed jasper's ghost (novice DsNe)
 10459 | D:7      | Found a transporter.
 10490 | D:7      | Reached skill level 8 in Fighting
 10622 | D:7      | Reached skill level 5 in Throwing
 11956 | D:8      | Identified the +4 spear "Toerom" {holy, rC+ Str+6 Int-3}
 12319 | D:9      | Noticed Harold
 12332 | D:9      | Killed Harold
 12333 | D:9      | Reached XP level 10. HP: 24/93 MP: 10/10
 12641 | D:9      | You fall into a shaft and drop 1 floor!
 12641 | D:10     | Entered Level 10 of the Dungeon
 12643 | D:10     | Reached ** piety under Hepliaklqana
 12662 | D:10     | Remembered your ancestor Arammadara as a battlemage
 12963 | D:9      | Found a staircase to the Lair.
 12995 | D:9      | Reached skill level 9 in Fighting
 13142 | D:9      | Reached skill level 10 in Fighting
 13261 | D:9      | You fall into a shaft and drop 3 floors!
 13261 | D:12     | Found a gate leading to a gauntlet.
 13277 | D:12     | Slain by a troll

Illustrated notes

Levels and vault maps discovered:
D:1:      minmay_arrival_cross, layout_rooms, minmay_strange_pillars,
          solitary_fountain, hangedman_abyss_or_decor_stabs,
          kennysheep_crisscross
D:2:      layout_loops_ring, chequers_mini_garden
D:3:      layout_loops_ring
D:4:      layout_cave_pods, mainiacjoe_overflow_tiny_flanked,
          minmay_misc_feat_iff
D:5:      minmay_razor_zed, layout_basic, kennysheep_pointless_box
D:6:      layout_basic, temple_fountains, uniq_edmund, uniq_blork_the_orc,
          uniq_prince_ribbit1, uniq_pikel, uniq_sigmund
D:7:      layout_cave_pools, gammafunk_ghost_arena, kennysheep_generic_room_4
D:8:      layout_basic
D:9:      layout_gridville, lair_entry_dummy, uniq_harold
D:10:     layout_loops_ring, uniq_urug
D:12:     layout_roguey, gauntlet_entry_generic, uniq_sonja
Temple:   minmay_crystal_snake_temple

Skill      XL: |  1  2  3  4  5  6  7  8  9 10 |
---------------+-------------------------------+-----
Fighting       | 3 5 7 8 10 | 10.3
Dodging        | 2 |  2.0
Stealth        | 1 2 3 |  3.0
Maces & Flails | 3 4 5 6 8 9 |  9.0
Evocations     | 2 3 |  3.0
Throwing       | 7 |  7.0
Armour         | 3 |  3.0

Action                   |  1- 3 |  4- 6 |  7- 9 | 10-12 || total
-------------------------+-------+-------+-------+-------++-------
Melee: Short sword       |    99 |       |       |       ||    99
       Whip              |    23 |   140 |   286 |    66 ||   515
       Mace              |       |     6 |    52 |       ||    58
       Spear             |       |       |     8 |       ||     8
Throw: Stone             |     5 |    50 |    41 |     3 ||    99
       Large rock        |     2 |       |     2 |       ||     4
       Throwing net      |       |       |     1 |       ||     1
Invok: Recall Ancestor   |       |       |       |     1 ||     1
       Ancestor Life: Ba |       |       |       |     1 ||     1
Evoke: Wand              |       |       |     9 |     1 ||    10
  Use: Potion            |       |     3 |       |       ||     3
       Scroll            |       |       |     1 |       ||     1
 Stab: Sleeping          |     1 |     2 |       |       ||     3
Armor: Robe              |    37 |    29 |    46 |       ||   112
       Acid dragon scale |       |       |     4 |    20 ||    24
Dodge: Dodged            |    81 |    62 |   130 |    16 ||   289

Table legend: (Time is in decaauts)
 A = Elapsed time spent in this place.
 B = Non-inter-level travel time spent in this place.
 C = Inter-level travel time spent in this place.
 D = Time resting spent in this place.
 E = Time spent auto-exploring this place.
 F = Levels seen in this place.
 G = Mean time per level.
                   A        B        C        D        E       F      G
               +--------+--------+--------+--------+--------+-----+--------+
         Total |  13171 |  12763 |    408 |   2269 |   8718 |  12 | 1097.6 |
       Dungeon |  12596 |  12253 |    343 |   1855 |   8650 |  11 | 1145.1 |
        Temple |    575 |    510 |     65 |    414 |     68 |   1 |  575.0 |
               +--------+--------+--------+--------+--------+-----+--------+

Top non-repeatable levels by time:
     D:6: 3538 daAuts
     D:5: 1541 daAuts
     D:4: 1348 daAuts
     D:1: 1328 daAuts
     D:7: 1114 daAuts
     D:3: 950 daAuts
     D:9: 921 daAuts
     D:8: 835 daAuts
     D:2: 687 daAuts
  Temple: 575 daAuts
    D:10: 319 daAuts
    D:12: 11 daAuts
